 Dungeon Crawl Stone Soup version 0.26-a0-613-g4f23886233 (webtiles) character file.

Game seed: 8041010165001891149

16883 DogServant the Fighter (level 12, -2/168 HPs)
             Began as a Minotaur Berserker on Sept 11, 2020.
             Was a High Priest of Trog.
             Slain by a ten-headed hydra (10 damage)
             ... on level 12 of the Dungeon.
             The game lasted 00:27:17 (9128 turns).

DogServant the Fighter (Minotaur Berserker)         Turns: 9128, Time: 00:27:19

Health: -2/168     AC: 26    Str: 24    XL:     12   Next: 14%
Magic:  11/11      EV:  2    Int:  7    God:    Trog [*****.]
Gold:   662        SH:  0    Dex: 13    Spells: 11/11 levels left

rFire    . . .     SeeInvis +   C - +12 long sword "Lialinio" {elec, rElec MR- Int+3 SInv}
rCold    + . .     Faith    .   (no shield)
rNeg     + + +     Spirit   .   (armour currently unavailable)
rPois    +         Reflect  .   (helmet currently unavailable)
rElec    +         Harm     .   (cloak currently unavailable)
rCorr    .         NoTele   +   (gloves currently unavailable)
MR       ++...                  (boots currently unavailable)
Stlth    +.........             (no amulet)
HPRegen  1.38/turn              z - ring of protection from magic
MPRegen  0.12/turn              y - ring of protection from cold

@: tree-form (expiring), berserk cooldown, very slightly contaminated,
regenerating, slowed, invisible, very slow
A: (retaliatory headbutt)
a: Berserk, Trog's Hand, Brothers in Arms, Renounce Religion


You were on level 12 of the Dungeon.
You worshipped Trog.
Trog was extremely pleased with you.
You were a tree.
You visited 1 branch of the dungeon, and saw 10 of its levels.
You also visited: Bailey.

You collected 727 gold pieces.
You spent 65 gold pieces at shops.

Inventory:

Hand Weapons
 a - a +3 battleaxe
 t - a +2 arbalest of freezing
 C - the +12 long sword "Lialinio" (weapon) {elec, rElec MR- Int+3 SInv}
   (You took it off an orc on level 8 of the Dungeon)

   Occasionally, upon striking a foe, it will discharge some electrical energy
   and cause terrible harm.
   It affects your intelligence (+3).
   It insulates you from electricity.
   It affects your resistance to hostile enchantments.
   It lets you see invisible.
Armour
 s - a +2 cloak (melded)
 D - a +1 plate armour of positive energy (melded)
Jewellery
 r - a +6 ring of strength {unknown}
 y - a ring of protection from cold (right branch)
 z - a ring of protection from magic (left branch)
 G - an uncursed ring of magical power {unknown}
 H - an uncursed amulet of regeneration {unknown}
 L - an uncursed ring of protection from fire {unknown}
Wands
 n - a wand of disintegration (12)
 u - a wand of random effects (31)
 F - a wand of enslavement (12)
 I - a wand of polymorph (7)
Scrolls
 b - 2 scrolls of magic mapping
 g - 3 scrolls of remove curse
 k - 8 scrolls of teleportation
 v - 2 scrolls of enchant weapon {unknown}
 w - a scroll of blinking {unknown}
 x - a scroll of noise {unknown}
 J - a scroll of random uselessness {unknown}
 M - a scroll of silence
Potions
 c - 6 potions of curing
 d - 2 potions of lignification
 f - a potion of invisibility
 h - a potion of heal wounds
 i - a potion of stabbing {unknown}
 j - a potion of brilliance {unknown}
 l - a potion of resistance {unknown}
 m - a potion of experience {unknown}
 o - 5 potions of magic {unknown}
 p - a potion of berserk rage
 q - 2 potions of flight {unknown}
 A - a potion of haste {unknown}
 B - 2 potions of mutation {unknown}
 E - 2 potions of might
 K - a potion of degeneration {unknown}


   Skills:
 + Level 12.2 Fighting
 + Level 6.6 Long Blades
 - Level 12.0 Axes
 + Level 10.8 Armour
 + Level 10.9 Dodging
 - Level 0.2 Stealth


You had 11 spell levels left.
You didn't know any spells.
Your spell library contained the following spells:

 Spells                   Type           Power        Failure   Level
 Animate Skeleton         Necr           #.....       43%         1
 Apportation              Tloc           #.....       43%         1
 Corona                   Hex            #......      43%         1
 Magic Dart               Conj           #...         43%         1
 Summon Small Mammal      Summ           #...         43%         1
 Blink                    Tloc           N/A          56%         2
 Call Imp                 Summ           #.......     56%         2
 Slow                     Hex            #.......     56%         2
 Conjure Flame            Conj/Fire      #.......     80%         3
 Inner Flame              Hex/Fire       #.......     80%         3
 Mephitic Cloud           Conj/Pois/Air  #.......     80%         3
 Portal Projectile        Hex/Tloc       #.....       80%         3
 Cause Fear               Hex            #.........   99%         4
 Leda's Liquefaction      Hex/Erth       #.........   99%         4


Dungeon Overview and Level Annotations

Branches:
Dungeon (12/15)            Temple (0/1) D:5             Orc (0/2) D:11
 Bailey (visited)
   Lair: D:8-11

Altars:
Dithmenos
Makhleb
Okawaru
Qazlal
Xom

Shops:
D:4 !


Innate Abilities, Weirdness & Mutations

((You reflexively headbutt those who attack you in melee.))
((You have a pair of horns on your head.))


Message History

The nine-headed hydra bites you.
* * * LOW HITPOINT WARNING * * *
The nine-headed hydra bites you!
* * * LOW HITPOINT WARNING * * *
The nine-headed hydra barely misses you.
The nine-headed hydra bites you!
* * * LOW HITPOINT WARNING * * *
The nine-headed hydra bites you but does no damage. x2
The nine-headed hydra bites you.
* * * LOW HITPOINT WARNING * * *
The nine-headed hydra bites you.
* * * LOW HITPOINT WARNING * * *
Unknown command.
You hack one of the nine-headed hydra's heads off!
The eight-headed hydra grows two more!
You slash the ten-headed hydra!
Lightning courses through the ten-headed hydra!
The ten-headed hydra is heavily wounded.
The boggart casts a spell.
The boggart blinks!
The ten-headed hydra bites you!
You die... ## ## Z o o#o JJl

## ###C### ##
#.H.#}#C#?#C[.#
#..)#C#$..# #
###### #D#
.##..... #♣#
........########.#
.......##....#...#
#..............#
.##.......#'##...#
..........#.♣###.#
.##....####....###
#....####....###
#.......###..#.#


You could see a frost giant, a fire giant, a ten-headed hydra, an ettin, a slime
creature, a basilisk, a jelly, an orc priest (summoned), a bullfrog simulacrum
and 2 orcs.

Vanquished Creatures
  A stone giant (D:8)
  A two-headed ogre (D:11)
  A tengu warrior (D:8)
  Urug (D:11)
  Sonja (D:12)
  3 unseen horrors
  2 orc knights
  2 ugly things
  A manticore (D:8)
  2 cyclopes
  Maurice (D:12)
  A yaktaur (D:11)
  6 trolls
  A hippogriff (D:8)
  A shadow (D:12)
  A wraith (D:12)
  6 yaks
  Sigmund (D:2)
  A wyvern (D:11)
  A basilisk (D:12)
  An acid dragon (D:11)
  2 black bears
  2 sky beasts
  An ice beast (D:11)
  3 orc warriors
  5 ogres
  4 centaurs
  A crocodile (D:8)
  7 bullfrogs
  A big kobold (D:8)
  2 scorpions (D:8)
  6 wights (D:8)
  12 killer bees
  A howler monkey (D:12)
  2 centaur zombies
  A bullfrog zombie (D:12)
  A quasit (D:8)
  3 centaur skeletons
  2 jellies
  8 orc wizards
  6 orc priests
  4 hounds
  5 bullfrog skeletons
  A gnoll shaman (D:8)
  2 iguanas
  7 worker ants
  Robin (D:4)
  21 gnolls
  A howler monkey skeleton (D:6)
  14 adders
  2 shadow imps
  3 white imps
  3 oozes
  An adder skeleton (D:4)
  A worm (D:2)
  4 dart slugs
  2 leopard geckos
  36 orcs
  6 giant cockroaches
  17 goblins
  20 hobgoblins
  7 jackals
  3 quokkas
  A ball python (D:3)
  10 bats
  7 frilled lizards
  A jackal skeleton (D:8)
  16 kobolds
  A leopard gecko zombie (D:5)
  A quokka zombie (D:8)
  7 rats
311 creatures vanquished.

Notes
Turn   | Place    | Note
-------+----------+-------------------------------------------
     0 | D:1      | DogServant the Minotaur Berserker began the quest for the
                  | Orb.
     0 | D:1      | Reached XP level 1. HP: 19/19 MP: 0/0
   273 | D:1      | Reached XP level 2. HP: 27/27 MP: 1/1
   534 | D:1      | Reached XP level 3. HP: 32/33 MP: 2/2
   868 | D:2      | Noticed a sky beast
   875 | D:2      | Reached ** piety under Trog
   881 | D:2      | Killed a sky beast
   881 | D:2      | Reached skill level 5 in Axes
   881 | D:2      | Reached XP level 4. HP: 32/41 MP: 3/3
   881 | D:2      | Reached XP level 5. HP: 37/47 MP: 4/4
  1195 | D:2      | Found an iron altar of Okawaru.
  1233 | D:2      | Reached skill level 5 in Fighting
  1648 | D:2      | Noticed Sigmund
  1672 | D:2      | Killed Sigmund
  1672 | D:2      | Reached XP level 6. HP: 17/56 MP: 5/5
  1898 | D:2      | Found a faded altar of an unknown god.
  2075 | D:3      | Reached *** piety under Trog
  2517 | D:4      | Reached XP level 7. HP: 62/62 MP: 6/6
  2729 | D:4      | Found Uhefuog's Distillery.
  2734 | D:4      | Bought a potion of heal wounds for 65 gold pieces
  2856 | D:4      | Noticed Robin
  2860 | D:4      | Reached skill level 5 in Dodging
  2865 | D:4      | Killed Robin
  3087 | D:4      | Reached **** piety under Trog
  3282 | D:4      | Found a shadowy altar of Dithmenos.
  3354 | D:5      | Entered Level 5 of the Dungeon
  3401 | D:5      | Reached XP level 8. HP: 70/73 MP: 7/7
  3491 | D:5      | Found a staircase to the Ecumenical Temple.
  3526 | D:5      | Found a shimmering altar of Xom.
  3759 | D:5      | Found a stormy altar of Qazlal.
  4352 | D:6      | You fall into a shaft and drop 2 floors!
  4564 | D:8      | Reached skill level 5 in Armour
  4618 | D:8      | Reached XP level 9. HP: 81/81 MP: 8/8
  4750 | D:8      | Found a runed translucent door.
  4750 | D:8      | Found a runed translucent door.
  4750 | D:8      | Found a runed translucent door.
  4751 | D:8      | Noticed a stone giant
  4751 | D:8      | Noticed a white ugly thing
  4790 | D:8      | Noticed a centaur warrior
  4801 | D:8      | Killed a stone giant
  4801 | D:8      | Reached skill level 10 in Axes
  4817 | D:8      | Killed an unseen horror
  4835 | D:8      | Noticed a manticore
  4840 | D:8      | Noticed a tengu warrior
  4841 | D:8      | Reached XP level 10. HP: 45/91 MP: 9/9
  5177 | D:8      | Killed a white ugly thing
  5261 | D:8      | Reached ***** piety under Trog
  5331 | D:8      | Reached skill level 10 in Fighting
  5348 | D:8      | Identified the Catalogue of the Earthen Birds
  5348 | D:8      | Identified the Disquisition on Earth
  5348 | D:8      | Identified the Almanac of Air and Poison
  5416 | D:8      | Found a burning altar of Makhleb.
  5434 | D:8      | Killed a tengu warrior
  5614 | D:8      | Killed a manticore
  5900 | D:8      | Identified the +12 long sword "Lialinio" {elec, rElec MR-
                  | Int+3 SInv}
  6031 | D:9      | You fall into a shaft and drop 2 floors!
  6044 | D:11     | Found a flagged portal.
  6056 | Bailey   | Entered a bailey
  6177 | Bailey   | Noticed an orc knight
  6241 | Bailey   | Killed an orc knight
  6241 | Bailey   | Reached skill level 1 in Long Blades
  6402 | D:11     | Received a gift from Trog
  6535 | D:11     | Reached XP level 11. HP: 84/101 MP: 10/10
  6540 | D:11     | Noticed an unseen horror
  6548 | D:11     | Killed an unseen horror
  6731 | D:11     | Noticed Urug
  6731 | D:11     | Noticed a two-headed ogre
  6745 | D:11     | Killed a two-headed ogre
  6750 | D:11     | Killed Urug
  6853 | D:11     | Reached skill level 10 in Dodging
  7007 | D:11     | Found a staircase to the Orcish Mines.
  7197 | D:12     | Noticed an unseen horror
  7205 | D:12     | Killed an unseen horror
  7211 | D:12     | Reached skill level 10 in Armour
  7371 | D:12     | Reached skill level 5 in Long Blades
  7565 | D:12     | Noticed Maurice
  7574 | D:12     | Noticed a cyan ugly thing
  7581 | D:12     | Killed Maurice
  7586 | D:12     | Killed a cyan ugly thing
  7922 | D:12     | Reached XP level 12. HP: 68/112 MP: 11/11
  8123 | D:12     | Noticed Sonja
  8479 | D:12     | Killed Sonja
  9101 | D:12     | Noticed an ettin
  9102 | D:12     | Noticed an ice dragon
  9104 | D:12     | Noticed an eight-headed hydra
  9106 | D:12     | Noticed a frost giant
  9116 | D:12     | Noticed a fire giant
  9119 | D:12     | Noticed a sphinx
  9127 | D:12     | HP: 8/168 [nine-headed hydra (5)]
  9128 | D:12     | Slain by a ten-headed hydra

Illustrated notes

Levels and vault maps discovered:
D:1:      arrival_zaba_pyramid, layout_basic
D:2:      layout_rooms, chequers_ecumenical_altar_grove,
          okawaru_metal_pillars_1_2, uniq_sigmund
D:3:      layout_rooms
D:4:      layout_cave_pools, serial_shops, shop, grunt_dithmenos_shadows,
          uniq_robin
D:5:      layout_basic, xom_butterflies, lemuel_crystal_altar,
          minmay_temple_entry_water_ring
D:6:      layout_cave_pools, fedhas_altar_fruit_tree,
          hangedman_abyss_or_decor_passed, st_stairs_5
D:8:      minmay_the_grid_four_pointed_star
          [minmay_the_grid_triangle_9x9_windchime,
          minmay_the_grid_triangle_9x9_fully_insulated_deathbox,
          minmay_the_grid_triangle_9x9_shrine,
          minmay_the_grid_triangle_9x9_steps,
          minmay_the_grid_prize_shrinking_boxes], layout_loops_cross,
          minmay_misc_feat_enclosed
D:9:      layout_loops_corners, lemuel_blue_sif_altar, david_lair_generic,
          gammafunk_ghost_mausoleum, serial_shops, kennysheep_mini, minivault_7
D:11:     layout_rooms, hiddenorc1_lemuel, enter_bailey_1, st_stairs_10,
          uniq_urug
D:12:     minmay_guarded_unrand_guard, layout_gridville, kennysheep_nondescript,
          uniq_sonja, uniq_maurice

Skill      XL: |  1  2  3  4  5  6  7  8  9 10 11 |
---------------+----------------------------------+-----
Axes           | 4 5 6 7 8 9 10 11 12 | 12.0
Fighting       | 4 5 7 8 9 10 12 | 12.2
Dodging        | 3 4 5 6 8 9 10 | 10.9
Armour         | 3 5 7 9 10 | 10.8
Long Blades    | 2 6 |  6.6
Stealth        | |  0.2

Action                   |  1- 3 |  4- 6 |  7- 9 | 10-12 || total
-------------------------+-------+-------+-------+-------++-------
Melee: Hand axe          |    52 |   111 |   219 |       ||   382
       Headbutt          |     6 |    11 |    38 |    55 ||   110
       War axe           |       |       |    56 |    20 ||    76
       Long sword        |       |       |       |   198 ||   198
       Battleaxe         |       |       |       |    62 ||    62
Invok: Berserk           |     1 |     3 |     5 |    11 ||    20
       Trog's Hand       |       |     1 |     3 |     2 ||     6
  Use: Scroll            |       |     2 |    10 |     2 ||    14
       Potion            |       |       |     1 |     7 ||     8
Armor: Animal skin       |    21 |     8 |       |       ||    29
       Chain mail        |       |    48 |   139 |    30 ||   217
       Skin              |       |       |    44 |    75 ||   119
       Plate armour      |       |       |       |   197 ||   197
Dodge: Dodged            |    45 |    59 |   138 |   241 ||   483
       Rpst.: Long sword |       |       |       |    39 ||    39

Table legend: (Time is in decaauts)
 A = Elapsed time spent in this place.
 B = Non-inter-level travel time spent in this place.
 C = Inter-level travel time spent in this place.
 D = Time resting spent in this place.
 E = Time spent auto-exploring this place.
 F = Levels seen in this place.
 G = Mean time per level.
                   A        B        C        D        E       F      G
               +--------+--------+--------+--------+--------+-----+--------+
         Total |   9328 |   9178 |    150 |   2066 |   5289 |  11 |  848.0 |
       Dungeon |   8963 |   8813 |    150 |   2018 |   5136 |  10 |  896.3 |
        Bailey |    364 |    364 |      0 |     47 |    153 |   1 |  364.0 |
               +--------+--------+--------+--------+--------+-----+--------+

Top non-repeatable levels by time:
     D:8: 1716 daAuts
    D:12: 1696 daAuts
    D:11: 1160 daAuts
     D:2: 1088 daAuts
     D:4: 860 daAuts
     D:1: 859 daAuts
     D:5: 591 daAuts
     D:3: 586 daAuts
     D:6: 402 daAuts
  Bailey: 364 daAuts
     D:9: 1 daAuts
